[Event "Late-Titled-Tuesday-Blitz-July-09-2024"]
[Site "Chess.com"]
[Date "2024.07.09"]
[Round "9"]
[White "Hattori-Hanzo78"]
[Black "norwaytoadog"]
[Result "1/2-1/2"]
[WhiteElo "2591"]
[BlackElo "2366"]
[TimeControl "180+1"]
[EndTime "15:45:00 PDT"]
[Termination "Game drawn by repetition"]

1. d4 Nf6 2. Nf3 e6 3. c4 d5 4.
Nc3 a6 5. cxd5 exd5 6. Bg5 Be6 7. e3 Nbd7 8. Bd3 Bd6 9. Qc2 c6 10. O-O h6 11. Bh4 O-O 12. Rfe1 Re8 13. a3 Bg4 14. Nd2 Qc7 15. Bg3 Bxg3 16. hxg3 h5 17. Nf1 Re7 18. b4 Qd6 19. Rab1 b5 20. a4 Nb6 21. a5 Nc4 22. Bxc4 bxc4 23. Na4 g6 24.
Nc5 Bf5 25. Qa4 Bxb1 26. Rxb1 Ng4 27. Qc2 h4 28. gxh4 Qf6 29. g3 Kg7 30. Qe2 Qf5 31. Re1 Nf6 32. f3 Qh3 33. Qg2 Qxg2+ 34. Kxg2 Nd7 35.
Na4 Rb8 36. Rb1 f5 37. Kf2 Rb7 38. Nd2 Re8 39. Nc3 Reb8 40. Na2 c5 41. dxc5 Nxc5 42. Ke2 Nd3 43. Nc3 Nxb4 44. Rd1 Kf6 45. g4 fxg4 46. fxg4 Ke5 47. Nf3+ Ke6 48. Ng5+ Kf6 49. Nxd5+ Nxd5 50. Rxd5 Rb2+ 51. Kf3 c3 52. Rc5 c2 53. Rc6+ Kg7 54.
Rc7+ Kf8 55. Ne6+ Ke8 56. h5 gxh5 57. gxh5 R8b5 58. h6 Rh5 59. Ng7+ Kd8 60. Ne6+ Ke8 61. Ng7+ Kd8 62. Ne6+ Ke8 1/2-1/2

[Event "Late-Titled-Tuesday-Blitz-July-09-2024"]
[Site "Chess.com"]
[Date "2024.07.09"]
[Round "9"]
[White "Burgsvik"]
[Black "vova-79"]
[Result "0-1"]
[WhiteElo "2268"]
[BlackElo "2467"]
[TimeControl "180+1"]
[EndTime "15:45:01 PDT"]
[Termination "vova-79 won by resignation"]

1. e4 e6 2. d4 d5 3. e5 c5 4. c3 Nc6 5. a3 Bd7 6. b4 cxd4 7. cxd4 Qb6 8. Nf3 Rc8 9. Be3 Nh6 10.
Bd3 Nf5 11. Bxf5 exf5 12. O-O Be7 13. Nc3 Be6 14. Na4 Qd8 15. Nc5 b6 16. Nxe6 fxe6 17. Qa4 O-O 18. Rac1 Qd7 19. Rc2 Nxe5 20. Qxd7 Nxd7 21.
Rfc1 Rxc2 22. Rxc2 Bd6 23. Rc6 Bb8 24. Rxe6 h6 25.
Re7 Rf7 26. Re8+ Rf8 27. Rxf8+ Kxf8 28. Nh4 f4 29. Ng6+ Kf7 30. Nxf4 Bxf4 31. Bxf4 b5 32.
Bd6 a6 33. f3 Nb6 34. Kf2 Nc4 35. Bc5 Nxa3 36. Kg3 Nc4 37. Kf4 Kf6 38. h4 h5 39.
g4 g6 40. Ba7 a5 41. bxa5 Nxa5 42. Bb6 Nc6 43. gxh5 gxh5 44. Ke3 Kf5 45. Bc5 Nd8 46.
Bd6 Ne6 47. Kd3 Nf4+ 48. Kc3 Ng6 49. Bg3 Nf8 50. Kb4 Ne6 51. Be5 Nf4 52. Kxb5 Ng2 53.
Bg3 Ke6 54. Kc6 Ne3 55. Be5 Nf5 56. Kc5 Nxh4 57. Bg3 Nxf3 58. Bf2 h4 59. Kb4 h3 60.
Bg3 Nxd4 61. Kc5 Nf3 62. Kb4 h2 63. Bxh2 Nxh2 64. Kc3 Ng4 65. Kd3 Nf6 66. Ke2 Ke5 67. Kf3 d4 68. Ke2 Ke4 69. Kd2 d3 70. Kc3 Ke3 71. Kb2 Ne4 72. Kc1 d2+ 73. Kc2 Nf2 74.
Kc3 d1=Q 75. Kc4 Qd4+ 76. Kb3 Qc5 77. Ka4 Qb6 0-1

[Event "Late-Titled-Tuesday-Blitz-July-09-2024"]
[Site "Chess.com"]
[Date "2024.07.09"]
[Round "9"]
[White "tptagain"]
[Black "Msb2"]
[Result "1-0"]
[WhiteElo "3054"]
[BlackElo "3085"]
[TimeControl "180+1"]
[EndTime "15:45:03 PDT"]
[Termination "tptagain won by checkmate"]

1. Nf3 d5 2. d4 e6 3. e3 Nf6 4. Bd3 Bd6 5. Nbd2 Nbd7 6. O-O O-O 7. Re1 c5 8. c3 e5 9. e4 cxd4 10. cxd4 dxe4 11. Nxe4 Nxe4 12. Rxe4 Nf6 13. Bg5 Be7 14. Bxf6 Bxf6 15. dxe5 Be7 16. Rd4 Qb6 17. Qe2 Be6 18.
Bc4 Bc5 19. Rf4 Rfd8 20. Ng5 Rd4 21. Nxe6 fxe6 22. Rxd4 Bxd4 23. Rf1 Kh8 24. Kh1 Qxb2 25. Qxb2 Bxb2 26. f4 g5 27. fxg5 Bxe5 28. g3 Kg7 29. Bxe6 Kg6 30. Bf5+ Kxg5 31. Bxh7 Kh6 32. Be4 Rd8 33.
Rf2 b5 34. Kg2 a5 35. Re2 Bg7 36. Bc6 b4 37. Re6+ Kh7 38. Be4+ Kg8 39. Kf3 Rd2 40. h4 Kf8 41. Ra6 Rxa2 42. Ra8+ Ke7 43.
Ra7+ Kf6 44. g4 Ra3+ 45. Kf4 Bf8 46. g5+ Ke6 47. Bf5+ Kd5 48. h5 b3 49. Bg6 b2 50.
Rb7 Bd6+ 51. Kg4 Bb4 52. h6 Ra1 53. h7 Rh1 54. Rb8 Bc3 55. Rd8+ Kc5 56. Rc8+ Kb4 57. Be4 Rg1+ 58. Kf5 Rf1+ 59. Kg4 Rg1+ 60. Kf3 Rf1+ 61. Kg2 Re1 62. Rxc3 Rxe4 63. h8=Q Re2+ 64. Kf3 Re1 65.
Qd4+ Kb5 66. Rc5+ Ka6 67. Qd6+ Kb7 68. Rc7+ Ka8 69. Qd8# 1-0

[Event "Late-Titled-Tuesday-Blitz-July-09-2024"]
[Site "Chess.com"]
[Date "2024.07.09"]
[Round "9"]
[White "rasmussvane"]
[Black "WildTricks"]
[Result "0-1"]
[WhiteElo "2911"]
[BlackElo "2732"]
[TimeControl "180+1"]
[EndTime "15:45:03 PDT"]
[Termination "WildTricks won on time"]

1. Nf3 Nf6 2. g3 b6 3. Bg2 Bb7 4. O-O c5 5. c4 g6 6. d4 cxd4 7. Qxd4 Bg7 8. Nc3 d6 9. Rd1 Nbd7 10. Be3 Rc8 11. Rac1 a6 12. b3 O-O 13. Qh4 Re8 14. Bh3 Ba8 15. g4 b5 16. cxb5 axb5 17.
Nxb5 Bxf3 18. exf3 Qa5 19. a4 Qb4 20. Nd4 Rxc1 21.
Rxc1 Nd5 22. Nc6 Qxb3 23. g5 e6 24. Qc4 Qa3 25. Bd2 Nc5 26. a5 Nb3 27. Rd1 Nxd2 28. Rxd2 Bc3 29. Rxd5 exd5 30. Qxd5 Be5 31. Bf1 Qc1 32. h4 Qf4 33. Nxe5 dxe5 34. Qe4 Qxe4 35.
fxe4 Ra8 36. a6 Kf8 37. Bc4 Ke7 38. Kg2 Ra7 39. Kg3 Kd6 40. f4 Kc5 41. Be2 Kd4 42.
Kf3 Re7 43. fxe5 Rxe5 44. Kf2 Ra5 45. Kf3 Ra2 46. Bb5 Ra5 47. Bc6 Rxa6 48. Bd5 Ra7 49. Kf4 Re7 50. h5 Kc5 51. h6 Kd6 52. Bb3 Kd7 53. Bd5 Kd6 54. Bb3 Rc7 55. e5+ Ke7 56. Ke4 Rb7 57. Bd5 Rb1 58. Kf4 Rf1+ 59. Kg3 Rg1+ 60.
Kf4 Rf1+ 0-1

[Event "Late-Titled-Tuesday-Blitz-July-09-2024"]
[Site "Chess.com"]
[Date "2024.07.09"]
[Round "9"]
[White "DanielNaroditsky"]
[Black "Fandorine"]
[Result "0-1"]
[WhiteElo "3081"]
[BlackElo "2938"]
[TimeControl "180+1"]
[EndTime "15:45:04 PDT"]
[Termination "Fandorine won by resignation"]

1. e4 e5 2. Nf3 Nc6 3. Bb5 a6 4. Ba4 g6 5. Bxc6 dxc6 6. O-O Bg7 7.
c3 Ne7 8. d4 exd4 9. cxd4 Bg4 10. h3 Bxf3 11. Qxf3 Qxd4 12. Rd1 Qc4 13. Nd2 Qe6 14. Nb3 O-O 15. Nc5 Qc4 16. Nd7 Rfd8 17. Bg5 Qe6 18. Nf6+ Kh8 19. Qf4 h6 20. Qh4 Rxd1+ 21.
Rxd1 Ng8 22. Nxg8 Kxg8 23. Be3 Re8 24. f3 h5 25. b3 f5 26. Re1 fxe4 27. Bf2 Qf6 28.
Qg3 Re7 29. fxe4 Qe6 30. Qd3 Rd7 31. Qf3 Rf7 32. Qd3 Be5 33. Bg3 Qd6 34. Qxd6 cxd6 35. Bf2 Re7 36. Bh4 Re6 37. Kf2 b5 38. g4 hxg4 39. hxg4 c5 40. Ke3 Re8 41. Bg5 Rf8 42.
Rh1 Bd4+ 43. Kd3 Rf3+ 44. Ke2 Rf2+ 45. Kd3 Rxa2 46. Be7 Rb2 47. Bxd6 Rxb3+ 48. Kd2 c4 49. e5 b4 50. e6 Rd3+ 51. Kc1 Re3 52. Bxb4 Rxe6 53. Rd1 Re4 54. Kc2 Rxg4 55. Rf1 Rg2+ 56. Kc1 Rg1 57. Rxg1 Bxg1 58. Kd2 Bd4 59. Be7 Kf7 60.
Bg5 Ke6 61. Ke2 Kd5 62. Bd2 c3 63. Bc1 Kc4 64. Kd1 Kd3 65. Bd2 c2+ 66. Kc1 Bb2+ 67.
Kxb2 Kxd2 68. Ka2 c1=Q 69. Kb3 Qc6 70. Kb4 g5 0-1

[Event "Late-Titled-Tuesday-Blitz-July-09-2024"]
[Site "Chess.com"]
[Date "2024.07.09"]
[Round "9"]
[White "alexrustemov"]
[Black "Goryachkina"]
[Result "1-0"]
[WhiteElo "2877"]
[BlackElo "2715"]
[TimeControl "180+1"]
[EndTime "15:45:12 PDT"]
[Termination "alexrustemov won on time"]

1. d4 Nf6 2. Bg5 g6 3. Bxf6 exf6 4. c4 d5 5. cxd5 Qxd5 6. Nc3 Qd8 7. Nf3 Bd6 8. g3 O-O 9. Bg2 c6 10. O-O Nd7 11. e4 Re8 12. Re1 a6 13. Qc2 Nf8 14. h3 Bd7 15. Rad1 Qc7 16. e5 fxe5 17. Ne4 Kg7 18. Nxd6 Qxd6 19. Nxe5 Be6 20. d5 Bxd5 21. Qc3 Qf6 22. Bxd5 cxd5 23. Rxd5 Rad8 24. Red1 Rxd5 25.
Rxd5 Kg8 26. Kg2 h5 27. h4 Qe6 28. Qd4 Qf6 29. Nf3 Qxd4 30. Nxd4 Kg7 31. Kf3 Re1 32.
Rd6 Rb1 33. Rb6 Nd7 34. Rxb7 Ne5+ 35. Ke2 Nc4 36. b3 Rb2+ 37. Ke1 Ne5 38. Ne6+ Kf6 39. Nf4 Rxa2 40. Kf1 Ng4 41. Nh3 Ke6 42. Ng5+ Kd5 43. Rxf7 Rb2 44. Nh3 Rxb3 45. Nf4+ Kc5 46. Nxg6 a5 47.
Ra7 Ra3 48. Nf4 a4 49. Kg2 Ra2 50. Kf3 Rxf2+ 51. Ke4 Ra2 52. Nxh5 a3 53. Kf4 Nf2 54. g4 Kb4 55. g5 Rc2 56. Nf6 Nd3+ 57. Kf5 Nc5 58. Nd5+ Kb5 59. Rxa3 Rf2+ 60. Kg6 Rd2 61. Nf4 Rd4 62. Rf3 Ne4 63. h5 Nd2 64. Rf2 Ne4 65.
Rb2+ 1-0

[Event "Late-Titled-Tuesday-Blitz-July-09-2024"]
[Site "Chess.com"]
[Date "2024.07.09"]
[Round "9"]
[White "CapivaraBondoso"]
[Black "leotobares"]
[Result "1-0"]
[WhiteElo "2179"]
[BlackElo "2272"]
[TimeControl "180+1"]
[EndTime "15:45:14 PDT"]
[Termination "CapivaraBondoso won on time"]

1. e4 e5 2. Nf3 Nc6 3. d4 exd4 4. Nxd4 Nf6 5. Nc3 Bb4 6. Nxc6 bxc6 7. Bd3 d5 8. exd5 cxd5 9. O-O O-O 10. Bg5 c6 11.
Qf3 Be7 12. h3 Be6 13. Ne2 Nd7 14. Bf4 Bf6 15. c3 h6 16. Nd4 Bxd4 17. cxd4 Qf6 18. Rad1 Nb6 19. Qg3 Nc4 20. Bc1 Rfd8 21. b3 Nd6 22.
Rfe1 Bf5 23. Qf3 Bxd3 24. Qxf6 gxf6 25. Rxd3 Nf5 26. g4 Re8 27. Red1 Nd6 28. Bxh6 Re2 29. R3d2 Rae8 30. Be3 Rxd2 31. Rxd2 a5 32. Rc2 Rc8 33.
Kf1 f5 34. Ke2 fxg4 35. hxg4 Nb5 36. Kd3 Kf8 37. Rc5 Ke7 38. Bf4 Kd7 39. g5 Ra8 40. Be5 a4 41. b4 a3 42. Rc2 Nd6 43. Bxd6 Kxd6 44. Rc5 Rg8 45. f4 f6 46. gxf6 Rg2 47. f7 Ke7 48. Rxc6 Rxa2 49. Rc5 Rb2 50. Kc3 Rb1 51. Ra5 Ra1 52. Kb3 Kxf7 53. Rxa3 Rb1+ 54.
Kc3 Rc1+ 55. Kd2 Rb1 56. Ra5 1-0

[Event "Late-Titled-Tuesday-Blitz-July-09-2024"]
[Site "Chess.com"]
[Date "2024.07.09"]
[Round "9"]
[White "LidongW"]
[Black "Gyulamiryan-koryun"]
[Result "1-0"]
[WhiteElo "2269"]
[BlackElo "1934"]
[TimeControl "180+1"]
[EndTime "15:45:14 PDT"]
[Termination "LidongW won on time"]

1. e4 e5 2. Nf3 Nc6 3. Bc4 Nf6 4. d3 Be7 5. O-O O-O 6. Re1 d6 7. c3 Be6 8. Bb5 a6 9. Ba4 b5 10. Bc2 Qd7 11. Nbd2 d5 12. exd5 Bxd5 13. Nxe5 Nxe5 14. Rxe5 Bd6 15. Re1 Ng4 16. Nf1 Qf5 17. Be3 Qg6 18. d4 Qh5 19. h3 Nf6 20. Qxh5 Nxh5 21. g3 f5 22. Bd2 f4 23. g4 Nf6 24. a3 g5 25. Nh2 Rae8 26. f3 c5 27. Kf2 cxd4 28.
cxd4 Rc8 29. Bd3 Bc4 30. Bf5 Rc7 31. Nf1 Nd5 32. Re6 Rc6 33. Rae1 Ne3 34. Bxe3 fxe3+ 35. R6xe3 Bf4 36. Re7 Bf7 37. Ne3 Rd6 38. Rd1 Rfd8 39. Bxh7+ Kf8 40. Ra7 Rxd4 41. Rxd4 Rxd4 42. Nf1 Rc4 43.
Rxa6 Rc2+ 44. Bxc2 Bc4 45. Ne3 Bxe3+ 46. Kxe3 b4 47. axb4 Bxa6 48. Ba4 Ke7 49. b5 Bb7 50. f4 Kf6 51. fxg5+ Kxg5 52. b6 Kh4 53. Kd4 Kxh3 54. Kc5 Kxg4 55. Bc6 Ba6 56. b7 Bxb7 57. Bxb7 Kf5 58.
b4 Ke6 59. Kc6 Ke7 60. Kc7 Ke6 61. Bc6 Ke5 62. b5 Kd4 63. b6 Kc5 64. b7 Kd4 65. b8=Q Ke5 66. Qb6 Ke6 67. Bh1+ Ke5 68. Kd7 Kf4 69.
Ke6 Kg3 70. Kf5 Kh2 71. Qe3 1-0

[Event "Late-Titled-Tuesday-Blitz-July-09-2024"]
[Site "Chess.com"]
[Date "2024.07.09"]
[Round "9"]
[White "IlanSchnaider"]
[Black "ValeriyGrinev"]
[Result "0-1"]
[WhiteElo "2825"]
[BlackElo "2714"]
[TimeControl "180+1"]
[EndTime "15:45:16 PDT"]
[Termination "ValeriyGrinev won on time"]

1. e4 c6 2. Nc3 d5 3. Nf3 Bg4 4. h3 Bxf3 5. Qxf3 dxe4 6. Nxe4 Nd7 7. Bc4 Ne5 8. Qe2 Nxc4 9. Qxc4 Qd5 10. Qe2 f5 11.
Ng3 Qxg2 12. d3 Nf6 13. Bg5 Qd5 14. Bxf6 gxf6 15. Qh5+ Qf7 16. Qxf5 e6 17. Qf3 O-O-O 18. O-O-O Be7 19. Kb1 Kb8 20. Rhe1 Ka8 21. d4 Rhe8 22.
Rd3 Bb4 23. Red1 Rd5 24. Ne4 Be7 25. Nc3 Rf5 26. Qe2 Bf8 27. Ne4 Rd8 28. a3 a6 29.
Rb3 Be7 30. Qc4 Rfd5 31. Nc3 R5d7 32. Na4 Ka7 33. Nb6 Rc7 34. Na4 b5 35. Qc3 bxa4 36. Qa5 Rb7 37. Rxb7+ Kxb7 38. Qxa4 e5 39. Rd3 Qd5 40.
Rb3+ Ka7 41. dxe5 fxe5 42. c4 Qd1+ 43. Ka2 Qd7 44. Qa5 Rb8 45. Rxb8 Kxb8 46. Qxe5+ Bd6 47. Qd4 Kb7 48. c5 Qe6+ 49. Ka1 Be5 50. Qb4+ Ka8 51.
Qb6 Qc8 52. Ka2 Bb8 53. Qa5 Ba7 54. f4 Qe6+ 55. Ka1 Kb7 56. Qb4+ Kc8 57. Qd4 Qe1+ 58. Ka2 Qe6+ 59. Ka1 Qf7 60. Qd6 Kb7 61. h4 Bb8 62.
Qd3 Bxf4 63. Qe4 Bc7 64. Qb4+ Ka7 65. Qe4 Qd7 66. h5 h6 67. Qe2 Qd5 68. Qe3 Qd1+ 69. Ka2 Qd5+ 70. Ka1 Qxh5 71. Qe7 Kb7 72. Qh7 Qh1+ 73.
Ka2 Qd5+ 74. Ka1 Qxc5 75. Qxh6 Be5 76. Qh3 Qc1+ 0-1

[Event "Late-Titled-Tuesday-Blitz-July-09-2024"]
[Site "Chess.com"]
[Date "2024.07.09"]
[Round "9"]
[White "Juliana_Figueira"]
[Black "FMalexhdez"]
[Result "1-0"]
[WhiteElo "2052"]
[BlackElo "2260"]
[TimeControl "180+1"]
[EndTime "15:45:16 PDT"]
[Termination "Juliana_Figueira won on time"]

1. d4 d5 2. c4 e6 3. Nc3 Nf6 4. cxd5 exd5 5. Bg5 Be7 6. e3 c6 7. Bd3 Nbd7 8. Qc2 Nf8 9. Nf3 Ng6 10. O-O O-O 11. h3 Re8 12. a3 Ne4 13. Bxe7 Qxe7 14. Nd2 f5 15. b4 a6 16. Rab1 Qg5 17. Kh2 Nh4 18. Bxe4 fxe4 19. Rg1 Rf8 20. Nf1 Qf5 21. Ng3 Qxf2 22. Qxf2 Rxf2 23. Nh5 Rc2 24. Rbc1 Rxc1 25. Rxc1 Nf5 26. Nd1 Bd7 27. g4 Nd6 28. Nb2 a5 29.
Kg3 axb4 30. axb4 Ra2 31. Rb1 Nb5 32. Nd1 Kf7 33. Nf4 g5 34. Ng2 Kg6 35. h4 h6 36.
h5+ Kg7 37. Nf2 Re2 38. Ra1 Bxg4 39. Nxg4 Rb2 40. Ra4 Nc3 41. Ra7 Rxb4 42. Ne5 Kf6 43. Nd7+ Ke6 44. Nc5+ Kd6 45. Nxb7+ Kc7 46. Nc5+ Kb6 47.
Rb7+ Ka5 48. Nb3+ Ka4 49. Rxb4+ Kxb4 50. Nc5 Nd1 51. Kg4 Nf2+ 52. Kf5 Nd3 53. Nd7 Kc3 54. Kg6 g4 55. Kxh6 Kd2 56. Kg5 Ke2 57. Kxg4 Kf2 58.
Nf4 Ne1 59. Ne5 Nf3 60. Nxf3 exf3 61. h6 Kxe3 62. h7 f2 63. Ng2+ Kxd4 64. h8=Q+ Kd3 65. Qf6 1-0

[Event "Late-Titled-Tuesday-Blitz-July-09-2024"]
[Site "Chess.com"]
[Date "2024.07.09"]
[Round "9"]
[White "pinelone"]
[Black "FuenfgegenWilly"]
[Result "1/2-1/2"]
[WhiteElo "2395"]
[BlackElo "2526"]
[TimeControl "180+1"]
[EndTime "15:45:19 PDT"]
[Termination "Game drawn - insufficient material"]

1. Nf3 Nc6 2. d4 d5 3. e3 Bg4 4. Bb5 Qd6 5. c4 dxc4 6. Nbd2 a6 7. Bxc4 e5 8. d5 Nce7 9. e4 Nf6 10. O-O Ng6 11.
h3 Bd7 12. Re1 Be7 13. Bf1 b5 14. a4 O-O 15. axb5 axb5 16. Rxa8 Rxa8 17. Qb3 Qb6 18. Qc3 Bc5 19. Re2 Nf4 20. Nxe5 Nxe2+ 21. Bxe2 Bxf2+ 22.
Kf1 Bd4 23. Nxd7 Bxc3 24. Nxb6 Ra1 25. Nb3 Ra6 26. bxc3 Rxb6 27. Bf3 Nd7 28. Bf4 c5 29. Be3 b4 30. cxb4 Rxb4 31. Nxc5 Rb1+ 32. Kf2 Ne5 33. d6 Rb2+ 34. Kg3 f6 35. Bd4 Rc2 36. Bxe5 fxe5 37. Nd7 Rd2 38. Nxe5 Rxd6 39. Ng4 Ra6 40. h4 Kf8 41. Kf4 Ke7 42. Ne3 Ra5 43. Nf5+ Kf6 44. g4 h6 45. g5+ hxg5+ 46. hxg5+ Kf7 47. Nd6+ Ke6 48. Nc4 Ra1 49. Ne3 Ke7 50. Nf5+ Kf7 51.
Be2 Re1 52. Bc4+ Kf8 53. Ke5 Rc1 54. Bd5 Re1 55. Kd6 Rg1 56. e5 Rxg5 57. Be4 Rg4 58.
Kd5 Rg1 59. e6 Rd1+ 60. Ke5 Re1 61. Nd6 Ke7 62. Nf5+ Kf8 63. Kf4 g6 64. e7+ Ke8 65. Bc6+ Kf7 66. e8=Q+ Rxe8 67. Bxe8+ Kxe8 68. Ng3 Kf7 69. Kg5 Kg7 70. Ne4 Kf7 71. Nc3 Kg7 72. Ne2 Kf7 73.
Nd4 Kg7 74. Nc6 Kf7 75. Ne5+ Kg7 76. Ng4 Kh7 77. Nh6 Kg7 78. Ng8 Kh7 79. Ne7 Kg7 80.
Nxg6 1/2-1/2

[Event "Late-Titled-Tuesday-Blitz-July-09-2024"]
[Site "Chess.com"]
[Date "2024.07.09"]
[Round "9"]
[White "PNEPaul"]
[Black "shirovin"]
[Result "1-0"]
[WhiteElo "1907"]
[BlackElo "2074"]
[TimeControl "180+1"]
[EndTime "15:45:28 PDT"]
[Termination "PNEPaul won by checkmate"]

1. e4 Nf6 2. Bc4 d5 3. exd5 Nxd5 4. Nf3 Bg4 5. Be2 e6 6. O-O Bd6 7. h3 Bh5 8. d4 Nc6 9. c4 Nf6 10. Bg5 Be7 11. Be3 h6 12. Nc3 Qd7 13. d5 exd5 14.
cxd5 Nb4 15. Ne5 Bxe2 16. Qxe2 Qd6 17. Nc4 Qd7 18. Ne5 Qf5 19. Qb5+ c6 20. Qxb7 O-O 21. Nxc6 Nxc6 22. dxc6 Bd6 23. Qb5 Qe6 24. Rae1 Rab8 25. Qe2 Qe5 26. g3 h5 27. Bxa7 Rb4 28. Qxe5 Bxe5 29.
Rxe5 Rc8 30. Nd5 Rxb2 31. Nxf6+ gxf6 32. Rc5 Rxa2 33. Bb6 Rb2 34. Ba5 Ra2 35. Bc3 Rc2 36. Bd4 Rxc5 37. Bxc5 Rxc6 38. Be3 Kg7 39. Rc1 Kg6 40.
Kg2 Re6 41. h4 Re4 42. Rc5 Ra4 43. Rc2 Rb4 44. Bf4 Ra4 45. Rd2 Rb4 46. Rd6 Ra4 47. Be3 Rb4 48. Bd4 Rb5 49. Rxf6+ Kh7 50. Rf4 Kg6 51.
Be3 Rb7 52. Rd4 Kg7 53. Rd6 f6 54. Bd4 Rf7 55. Rxf6 Rxf6 56. Bxf6+ Kxf6 57. Kf3 Kf5 58.
Kg2 Kg4 59. f3+ Kf5 60. Kf2 Ke5 61. Ke3 Kf5 62. Kd4 Kf6 63. Ke4 Ke6 64. Kf4 Kf6 65.
g4 Kg6 66. Ke4 Kh6 67. Kf5 hxg4 68. fxg4 Kh7 69. g5 Kg7 70. Ke6 Kh7 71. Kf7 Kh8 72. h5 Kh7 73. g6+ Kh6 74. g7 Kxh5 75. g8=Q Kh4 76. Kf6 Kh3 77. Kf5 Kh4 78. Qg4# 1-0

[Event "Late-Titled-Tuesday-Blitz-July-09-2024"]
[Site "Chess.com"]
[Date "2024.07.09"]
[Round "9"]
[White "carokannlover213"]
[Black "Kombinator01"]
[Result "1-0"]
[WhiteElo "2712"]
[BlackElo "2482"]
[TimeControl "180+1"]
[EndTime "15:45:32 PDT"]
[Termination "carokannlover213 won by resignation"]

1. Nf3 d5 2. g3 Nf6 3. Bg2 e6 4.
O-O Bd6 5. c4 O-O 6. b3 dxc4 7.
bxc4 e5 8. Bb2 Nc6 9. Ng5 h6 10. Ne4 Nxe4 11. Bxe4 Be6 12. Qc1 Nd4 13. Bxd4 exd4 14.
d3 Rb8 15. Nd2 Re8 16. Rb1 b6 17. Re1 c5 18. a4 Qd7 19. Qa3 h5 20. a5 h4 21.
axb6 axb6 22. Ra1 hxg3 23. hxg3 f5 24. Bg2 f4 25. Ne4 fxg3 26. fxg3 Qc7 27. Kh2 Bf5 28.
Qa7 Bxe4 29. Qxc7 Bxc7 30. Bxe4 Re7 31. Kg2 Be5 32. Rh1 Kf7 33. Bd5+ Kg6 34. Raf1 Bf6 35.
Be4+ Kf7 36. g4 Re5 37. Ra1 Rbe8 38. Ra7+ R8e7 39. Ra6 Rxe4 40. dxe4 Rxe4 41. Kf2 Rf4+ 42. Kg3 Re4 43. Kf2 Rxg4 44. Rxb6 Rf4+ 45. Kg3 Re4 46. Kf2 Re5 47. Rb7+ Kg6 48. Rh3 Bg5 49.
Rf3 Bh4+ 50. Kf1 Bf6 51. Rg3+ Kf5 52. Rf3+ Ke6 53. Rb6+ Kf7 54. Rc6 Rh5 55. Kg2 Kg6 56. Rg3+ Kf5 57. Rf3+ Kg6 58. Re6 Rh8 59. Re4 Ra8 60.
Rg4+ Kf7 61. Rf5 Ra2 62. Kf3 Ra3+ 63. Kf2 d3 64. exd3 Ra5 65. Ke3 Ke6 66. Rf3 Bd4+ 67. Rxd4 cxd4+ 68. Kxd4 g5 69. Ke4 g4 70. Rg3 Rg5 71. Kf4 Rf5+ 72. Ke4 Rg5 73. d4 Kf6 74.
Kf4 Rf5+ 75. Kxg4 Ke6 76. Re3+ Kf6 77. Rf3 1-0

[Event "Late-Titled-Tuesday-Blitz-July-09-2024"]
[Site "Chess.com"]
[Date "2024.07.09"]
[Round "9"]
[White "ernestina08chess"]
[Black "noblerone"]
[Result "0-1"]
[WhiteElo "2300"]
[BlackElo "2467"]
[TimeControl "180+1"]
[EndTime "15:45:33 PDT"]
[Termination "noblerone won by resignation"]

1. e4 c5 2. Nf3 e6 3. d4 cxd4 4.
Nxd4 Qb6 5. Nb3 Qc7 6. Nc3 a6 7. Be2 b5 8. a3 Bb7 9. O-O Nf6 10.
Qd3 Be7 11. f4 d6 12. Be3 Nbd7 13. Bf3 Nc5 14. Nxc5 dxc5 15. e5 c4 16. Qe2 Nd7 17. Ne4 O-O 18. Qf2 Rad8 19. Kh1 Bxe4 20. Bxe4 Bc5 21.
Qh4 g6 22. Rf3 f5 23. exf6 Nxf6 24. Bxc5 Qxc5 25. Bb7 Qb6 26. f5 exf5 27. Bxa6 Qxa6 28. h3 Qd6 29. Raf1 Ne4 30. Re1 Qf6 31. Qf4 Ng5 32. Rfe3 Nf7 33. Re6 Qd4 34. Qc7 Qg7 35. Re7 Rc8 36. Qb7 Rb8 37. Qa7 Qf6 38. R1e6 Qxb2 39.
Qe3 Qa1+ 40. Kh2 Qg7 41. Qa7 Ra8 42. Qb7 Rab8 43. Qa7 Rbd8 44. Qe3 Qd4 45. Qe2 Qf4+ 46. Kh1 Rd2 47. Qe1 Qd4 48. Kh2 Qf4+ 49. Kh1 Qf2 50. Qxf2 Rxf2 51. Re2 Rxe2 52. Rxe2 Ra8 53. c3 Rxa3 54. Rb2 Rxc3 55. Rxb5 Rb3 56. Rc5 c3 57. Kh2 Kg7 58. Rc6 h6 59. h4 g5 60. hxg5 hxg5 61.
Rc7 Kf6 62. Rc6+ Ke5 63. Rc5+ Ke4 64. Rc7 Ne5 65. g3 g4 66. Kg2 Rb2+ 67. Kf1 c2 68. Rc8 Rb1+ 69. Kf2 c1=Q 70. Rxc1 Rxc1 71. Kg2 Rc2+ 72.
Kh1 Kf3 73. Kg1 Kxg3 74. Kf1 Kf3 75. Ke1 g3 76. Kd1 Rf2 77. Ke1 g2 0-1

[Event "Late-Titled-Tuesday-Blitz-July-09-2024"]
[Site "Chess.com"]
[Date "2024.07.09"]
[Round "9"]
[White "Chessmatus"]
[Black "Statham_01"]
[Result "1-0"]
[WhiteElo "2536"]
[BlackElo "2658"]
[TimeControl "180+1"]
[EndTime "15:45:35 PDT"]
[Termination "Chessmatus won by checkmate"]

1. e4 e5 2. Nf3 Nc6 3. Bb5 a6 4.
Ba4 f5 5. d3 Nf6 6. Bg5 fxe4 7.
dxe4 Bb4+ 8. Nbd2 O-O 9. c3 Bc5 10. O-O d6 11. Qe2 Kh8 12. Rad1 Qe8 13. Kh1 Qg6 14.
Be3 Bxe3 15. Qxe3 b5 16. Bb3 Nd8 17. Rde1 Ne6 18. g3 Ng4 19. Qe2 Nc5 20. Bc2 Bb7 21. Nh4 Qe6 22. b4 Na4 23. Bxa4 bxa4 24. f3 Nf6 25. c4 c6 26. Ng2 d5 27. Ne3 dxe4 28.
Nxe4 Nxe4 29. fxe4 c5 30. Nd5 cxb4 31. Nc7 Qg6 32. Nxa8 Rxa8 33. Kg1 h6 34. Rf5 b3 35. axb3 axb3 36. Rb1 Qb6+ 37. Qf2 Qd6 38. Qe3 Rc8 39. Rxb3 Bc6 40. Rd3 Qb4 41. Qf3 a5 42. Re3 a4 43. Kg2 a3 44. Rxa3 Qd2+ 45. Kh3 Qd6 46.
Rd3 Qe6 47. Kg2 Kh7 48. Rc3 Qg6 49. c5 Rd8 50. g4 Rd2+ 51. Kg3 Rb2 52. Rxe5 Ra2 53.
Qf5 Ra4 54. Qxg6+ Kxg6 55. Re6+ Kg5 56. Rxc6 g6 57. Rd6 h5 58. gxh5 Rxe4 59. Rd5+ Kh6 60. hxg6 Re7 61. c6 Rg7 62. c7 Rg8 63. c8=Q Rg7 64.
Qh8+ Kxg6 65. Qh5+ Kf6+ 66. Kf3 Ke7 67. Qe5+ Kf8 68.
Rc8+ Kf7 69. Rd7+ Kg6 70. Rxg7+ Kh6 71. Qg5# 1-0

[Event "Late-Titled-Tuesday-Blitz-July-09-2024"]
[Site "Chess.com"]
[Date "2024.07.09"]
[Round "9"]
[White "VladimirKramnik"]
[Black "SpeedofLight0"]
[Result "1-0"]
[WhiteElo "2990"]
[BlackElo "3117"]
[TimeControl "180+1"]
[EndTime "15:45:44 PDT"]
[Termination "VladimirKramnik won by resignation"]

1. e4 c6 2. d4 d5 3. Nd2 dxe4 4. Nxe4 Bf5 5. Ng3 Bg6 6. h4 h6 7.
Nf3 Nd7 8. h5 Bh7 9. Bd3 Bxd3 10. Qxd3 e6 11. Bd2 Ngf6 12. O-O-O Be7 13. Ne4 Nxe4 14.
Qxe4 Nf6 15. Qe2 Qd5 16. c4 Qe4 17. Qxe4 Nxe4 18. Be1 Bd6 19. Kc2 f5 20. Ne5 O-O 21. f3 Nf6 22. Bc3 Rad8 23. Rde1 Rfe8 24. a4 a6 25. a5 Bb8 26. Nd3 Ba7 27. Nf4 Kf7 28. Rd1 Bb8 29. Nd3 Bd6 30. b4 Re7 31. Be1 Red7 32. Bf2 Re8 33. Rde1 Bb8 34. Ne5+ Bxe5 35. dxe5 Nh7 36. Bb6 Rg8 37. Rd1 Nf8 38. Bc5 Ke8 39.
Bxf8 Rxf8 40. Rxd7 Kxd7 41. Rd1+ Ke7 42. Kc3 f4 43. Rb1 Rf5 44. Kd4 Rxh5 45. b5 cxb5 46. cxb5 Rh2 47. bxa6 bxa6 48. Rb7+ Kf8 49. Rb2 Rh1 50.
Kc5 Ke7 51. Kb6 Kd7 52. Kxa6 Kc7 53. Rc2+ Kb8 54. Kb6 Rb1+ 55. Kc6 Rd1 56. Rb2+ Ka7 57. Rb7+ Ka6 58. Rxg7 Rd5 59. Rg6 Rxe5 60. Kd6 Re2 61.
Rxh6 Kxa5 62. Rxe6 Rxg2 63. Ke5 Kb5 64. Kxf4 Rg8 65.
Ke5 Kc5 66. f4 Rg1 67. f5 Re1+ 68. Kf6 Rf1 69. Kg6 Kd5 70. Ra6 Rg1+ 71. Kf7 Rg2 72.
f6 Rb2 73. Ra5+ Kd6 74. Ra6+ Kd7 75. Kf8 Rb8+ 76. Kg7 Rb1 77. Ra7+ Ke6 78. Re7+ Kd6 79. Re2 Rg1+ 80. Kf8 Kd7 81. f7 Rd1 82. Rg2 Ra1 83.
Kg8 1-0

[Event "Late-Titled-Tuesday-Blitz-July-09-2024"]
[Site "Chess.com"]
[Date "2024.07.09"]
[Round "9"]
[White "ManMish2"]
[Black "OverallStranger"]
[Result "0-1"]
[WhiteElo "2598"]
[BlackElo "2434"]
[TimeControl "180+1"]
[EndTime "15:46:04 PDT"]
[Termination "OverallStranger won by checkmate"]

1. e4 c5 2. c3 Nf6 3. e5 Nd5 4. d4 cxd4 5. Nf3 d6 6. Bc4 Nb6 7. Bb3 Nc6 8. exd6 Qxd6 9. Nxd4 Nxd4 10. cxd4 Be6 11. O-O Bxb3 12. Qxb3 e6 13. Nc3 Be7 14. Nb5 Qd7 15. Nxa7 Nd5 16. Nb5 O-O 17. Nc3 Bf6 18. Be3 Rfc8 19. Nxd5 Qxd5 20. Qxd5 exd5 21. Rfc1 g6 22.
a3 b5 23. Kf1 Rc4 24. Ke2 Rac8 25. Kd3 Kf8 26. b3 Rxc1 27. Rxc1 Ra8 28. Ra1 Be7 29. a4 Ra6 30. Bd2 bxa4 31. bxa4 Bd8 32. Kc2 Rc6+ 33. Kb3 Rb6+ 34. Kc2 Rc6+ 35. Kd3 Ra6 36. a5 Ke7 37.
Kc2 Kd6 38. Kb3 Bf6 39. Bc3 h5 40. Ka4 Rc6 41. Bb4+ Kd7 42. Kb5 Bxd4 43. Rd1 Bxf2 44.
Rxd5+ Kc7 45. Bd2 Kb7 46. Bf4 Rf6 47. Be5 Rf5 48. a6+ Ka8 49. Kc6 Ka7 50. Kb5 f6 51. Rd7+ Ka8 52. a7 Rxe5+ 53. Ka6 Re6+ 54. Kb5 Rb6+ 55.
Ka5 Rb7 56. Rd6 Bh4 57. Ka6 Rxa7+ 58. Kb6 Rb7+ 59. Ka6 Bf2 60. Rd8+ Rb8 61. Rd6 f5 62. Rxg6 Rf8 63. h3 h4 64. Kb5 Bg3 65. Kc4 f4 66. Kd5 f3 67. gxf3 Rxf3 68. Kc6 Rf2 69. Kb6 Rh2 70.
Rg8+ Bb8 71. Kc6 Rxh3 72. Kb6 Rb3+ 73. Kc6 h3 74. Rg1 Ra3 75. Rh1 h2 76. Kb6 Ba7+ 77.
Kc6 Bg1 78. Kc7 Ka7 79. Kc6 Rc3+ 80. Kd5 Kb6 81. Ke4 Rc5 82. Kf3 Kc6 83. Kg2 Kd5 84. Kf3 Rc3+ 85. Kf4 Rc4+ 86. Kf3 Ke5 87. Kg3 Kf5 88. Kf3 Rc3+ 89. Kg2 Kg4 90. Rxh2 Bxh2 91. Kh1 Bb8 92. Kg2 Rc2+ 93. Kf1 Kf3 94. Ke1 Bf4 95.
Kd1 Rc1# 0-1